 Dungeon Sprint DCSS version 0.29.1-15-g9cfb28693d (webtiles) character file.

Game seed: 14915720751712537674

30783 Groucho the Tortoise (level 13, -4/95 HPs)
             Began as a Gargoyle Fighter on Apr 9, 2023.
             Was a High Priest of Qazlal.
             Killed by the air
             ... invoked by a titan
              (24 damage)
             ... in the Dungeon (Sprint VII: "The Pits").
             The game lasted 00:13:38 (5989 turns).

Groucho the Tortoise (Gargoyle Fighter)             Turns: 5989, Time: 00:13:39

Health: -4/95      AC: 38    Str: 28    XL:     13   Next: 53%
Magic:  12/25      EV:  9    Int:  9    God:    Qazlal [*****.]
Gold:   38         SH: 15    Dex: 12    Spells: 12/12 levels left

rFire   + . .      SeeInvis .   p - +1 flail (vorpal)
rCold   + + .      Faith    .   c - +0 buckler
rNeg    + . .      Spirit   .   E - +2 gold dragon scales
rPois   ∞          Reflect  .   (no helmet)
rElec   +          Harm     .   F - +1 cloak
rCorr   .          Rampage  .   (no gloves)
Will    .....      NoTele   +   t - +0 pair of boots
Stlth   ..........              (no amulet)
HPRegen 0.25/turn               b - +3 ring of dexterity
MPRegen 0.19/turn               k - +3 ring of strength

@: protected from cold, wreathed by umbra, repel missiles
A: sickness immunity, AC +9, negative energy resistance 1, electricity
resistance, torment resistance 1, petrification resistance
a: Renounce Religion, Upheaval, Elemental Force, Disaster Area


You were in the Dungeon.
You worshipped Qazlal.
Qazlal was extremely pleased with you.
You visited 1 branch You collected 38 gold pieces.

Inventory:

Hand Weapons
 p - a +1 vorpal flail (weapon)
Missiles
 o - 19 stones (quivered)
 y - 4 silver javelins
Armour
 c - a +0 buckler (worn)
 t - a +0 pair of boots (worn)
 D - a +5 plate armour
 E - +2 gold dragon scales (worn)
 F - a +1 cloak (worn)
Jewellery
 b - a +3 ring of dexterity (left hand)
 k - a +3 ring of strength (right hand)
 w - a ring of protection from fire
 C - a ring of ice
Wands
 u - a wand of flame (10)
 v - a wand of polymorph (7)
Scrolls
 j - a scroll of blinking
 m - 5 scrolls of amnesia
 n - a scroll of summoning
 x - 5 scrolls of fog
 z - a scroll of identify
 A - 2 scrolls of enchant armour
 B - 4 scrolls of enchant weapon
Potions
 d - 2 potions of might
 e - 10 potions of curing
 f - 5 potions of heal wounds
 g - 4 potions of haste
 h - 3 potions of magic
 i - 6 potions of berserk rage
 l - 2 potions of invisibility
 q - a potion of mutation
 r - 2 potions of brilliance


   Skills:
 + Level 16.5 Fighting
 * Level 16.4 Maces & Flails
 * Level 17.9 Armour
 * Level 8.0 Dodging
 + Level 16.5 Shields
 * Level 17.4 Invocations


You had 12 spell levels left.
You didn't know any spells.
Your spell library was empty.

Dungeon Overview and Level Annotations

Branches:
Dungeon (1/1)

Altars:
Ashenzari
Cheibriados
Dithmenos
Elyvilon
Fedhas
Gozag
Hepliaklqana
Kikubaaqudgha
Makhleb
Nemelex Xobeh
Okawaru
Qazlal
Ru
Sif Muna
Trog
Uskayaw
Vehumet
Wu Jian
Xom
Yredelemnul
Zin
The Shining One
Jiyva
Lugonu


Innate Abilities, Weirdness & Mutations

You are immune to sickness and miasma.
Your stone body is resilient. (AC +9)
You are immune to poison.
You resist negative energy. (rN+)
You are resistant to electric shocks. (rElec)
You are resistant to unholy torment.
You are immune to petrification.


Message History

The titan is healed somewhat.
The vampire mosquito barely misses you.
Unknown command.
You feel much better.
The profane servitor hits you with a +2 demon whip of freezing!
The profane servitor freezes you.
The profane servitor hits you with a +2 demon whip of freezing!
The profane servitor freezes you.
The vampire mosquito bites you but does no damage.
The reaper hits you from afar with a +1 vorpal scythe!
The titan waves its arms in wide circles.
The air twists around and strikes you.
Unknown command.
You miss the profane servitor.
The profane servitor is moderately damaged.
You block the vampire mosquito's attack.
The profane servitor barely misses you.
The profane servitor hits you but does no damage.
You block the vampire mosquito's attack.
The profane servitor hits you but does no damage.
The profane servitor hits you with a +2 demon whip of freezing.
The reaper hits you from afar with a +1 vorpal scythe!
* * * LOW HITPOINT WARNING * * *
x2 Unknown command.
You miss the vampire mosquito.
The vampire mosquito is severely damaged.
The vampire mosquito is struck by lightning.
You destroy the vampire mosquito!
Qazlal accepts your kill.
The profane servitor hits you with a +2 demon whip of freezing.
* * * LOW HITPOINT WARNING * * *
The profane servitor freezes you.
* * * LOW HITPOINT WARNING * * *
The profane servitor hits you but does no damage.
Unknown command.
Unknown command.
You completely miss the profane servitor.
The profane servitor is moderately damaged.
The titan waves its arms in wide circles.
The air twists around and strikes you!!
You die...

#..........#
#######..#....#..#
.....''..........#
.....''..........#
#..#....#..# #≈.........+
#......C2.§+ ###2'####A§#
###''####'@################
#.2y...##..................
#.#A##.##.°................
#.#C≈+.##..##############''
#.†..# ##..#))'...'))#.....
#.#≈)+ #..#))#...#))#...).
#######.+[:#
#..####...#######))
.##..##.##+#
#..#.........#..)))
.##..##.
#..#.............).


You could see a profane servitor, a titan and a reaper.

Vanquished Creatures
  2 orc warlords (D)
  A ghoul (D)
  A vampire knight (D)
  A dire elephant (D)
  A great orb of eyes (D)
  A deep elf high priest (D)
  A vault guard (D)
  An ogre mage (D)
  3 naga warriors (D)
  A fire crab (D)
  2 deep elf knights (D)
  3 bog bodies (D)
  2 swamp dragons (D)
  13 orc knights (D)
  A lindwurm (D)
  A deep elf pyromancer (D)
  2 orc sorcerers (D)
  A cyclops (D)
  A black mamba (D)
  5 elephants (D)
  A gargoyle (D)
  A cane toad (D)
  2 molten gargoyles (D)
  A demonic crawler (D)
  An ice devil (D)
  3 tyrant leeches (D)
  A hellwing (D)
  A wandering mushroom (D)
  A red devil (D)
  2 hornets (D)
  Grinder (D)
  3 blink frogs (D)
  6 dream sheep (D)
  2 spriggans (D)
  A shadow (D)
  4 yaks (D)
  A fire bat (D)
  A wyvern (D)
  2 redbacks (D)
  4 vampire mosquitoes (D)
  An acid dragon (D)
  Duvessa (D)
  A swamp drake (D)
  3 orc warriors (D)
  An ice beast (D)
  A kobold brigand (D)
  A bullfrog (D)
  A gnoll sergeant (D)
  A necrophage (D)
  3 scorpions (D)
  2 quasits (D)
  A hound (D)
  An orc priest (D)
  2 gnoll boudas (D)
  An orc wizard (D)
  A hell rat (D)
  11 gnolls (D)
  An adder (D)
  2 river rats (D)
  A white imp (D)
  A worm (D)
  4 orcs (D)
  A ball python (D)
  An endoplasm (D)
  10 jackals (D)
  A kobold (D)
  A quokka (D)
  A bat (D)
  A giant cockroach simulacrum (D)
  2 rats (D)
143 creatures vanquished.

Vanquished Creatures (others)
  A gnoll (D)
1 creature vanquished.

Grand Total: 144 creatures vanquished

Notes
Turn   | Place    | Note
-------+----------+-------------------------------------------
     0 | D        | Groucho the Gargoyle Fighter began the quest for the Orb.
     0 | D        | Reached XP level 1. HP: 14/14 MP: 1/1
    24 | D        | Reached XP level 2. HP: 17/20 MP: 2/2
    29 | D        | Found a bloodstained altar of Trog.
    29 | D        | Found a shimmering blue altar of Sif Muna.
    29 | D        | Found a viscous altar of Jiyva.
    29 | D        | Found a hazy altar of Hepliaklqana.
    29 | D        | Found an opulent altar of Gozag.
    30 | D        | Found a glowing golden altar of the Shining One.
    30 | D        | Found a glowing silver altar of Zin.
    30 | D        | Found a basalt altar of Yredelemnul.
    30 | D        | Found a shimmering altar of Xom.
    30 | D        | Found an ornate altar of the Wu Jian Council.
    30 | D        | Found a sacrificial altar of Ru.
    30 | D        | Found a stormy altar of Qazlal.
    30 | D        | Found an iron altar of Okawaru.
    30 | D        | Found a sparkling altar of Nemelex Xobeh.
    30 | D        | Found a burning altar of Makhleb.
    30 | D        | Found a blossoming altar of Fedhas.
    30 | D        | Found a white marble altar of Elyvilon.
    30 | D        | Found a shadowy altar of Dithmenos.
    30 | D        | Found a snail-covered altar of Cheibriados.
    32 | D        | Found a corrupted altar of Lugonu.
    32 | D        | Found a radiant altar of Vehumet.
    33 | D        | Found an ancient bone altar of Kikubaaqudgha.
    33 | D        | Found a hide-covered altar of Uskayaw.
    33 | D        | Found a broken altar of Ashenzari.
    38 | D        | Became a worshipper of Qazlal Stormbringer
    80 | D        | Reached skill level 1 in Invocations
    80 | D        | Reached XP level 3. HP: 24/24 MP: 3/3
    91 | D        | Reached * piety under Qazlal
   241 | D        | Noticed a bullfrog
   244 | D        | Reached ** piety under Qazlal
   250 | D        | Killed a bullfrog
   251 | D        | Reached skill level 5 in Fighting
   251 | D        | Reached skill level 5 in Armour
   251 | D        | Reached skill level 5 in Shields
   251 | D        | Reached XP level 4. HP: 31/31 MP: 3/6
   307 | D        | Reached *** piety under Qazlal
   321 | D        | Reached XP level 5. HP: 29/36 MP: 7/7
   323 | D        | Noticed a fire bat
   330 | D        | Killed a fire bat
   331 | D        | Reached skill level 5 in Invocations
   331 | D        | Reached XP level 6. HP: 37/44 MP: 7/9
   334 | D        | Reached **** piety under Qazlal
   454 | D        | Noticed Duvessa
   459 | D        | Killed Duvessa
   459 | D        | Reached ***** piety under Qazlal
   460 | D        | Reached XP level 7. HP: 48/48 MP: 11/11
   662 | D        | Noticed an ogre mage
   675 | D        | Killed an ogre mage
   676 | D        | Reached XP level 8. HP: 34/56 MP: 11/14
  1121 | D        | Reached skill level 10 in Fighting
  1121 | D        | Reached skill level 10 in Shields
  1515 | D        | Found the +7 lajatang of Order {silver, rMut}
  1643 | D        | Noticed a gargoyle
  1645 | D        | Reached skill level 10 in Armour
  1663 | D        | Killed a gargoyle
  1664 | D        | Reached XP level 9. HP: 26/63 MP: 7/16
  2272 | D        | Noticed an orc sorcerer
  2277 | D        | Noticed an ice devil
  2281 | D        | Noticed Grinder
  2285 | D        | Noticed a rust devil
  2285 | D        | Killed an orc sorcerer
  2286 | D        | Reached skill level 10 in Invocations
  2287 | D        | Paralysed by Grinder for 4 turns
  2289 | D        | Killed an ice devil
  2290 | D        | Reached skill level 10 in Maces & Flails
  2294 | D        | Paralysed by Grinder for 4 turns
  2301 | D        | Killed Grinder
  2664 | D        | Noticed a wandering mushroom
  2664 | D        | Noticed a spriggan rider
  2664 | D        | Noticed an orc knight
  2665 | D        | Reached ****** piety under Qazlal
  2665 | D        | Killed a wandering mushroom
  2666 | D        | Reached XP level 10. HP: 60/71 MP: 8/18
  2680 | D        | Killed an orc knight
  2997 | D        | Noticed a swamp dragon
  3004 | D        | Killed a swamp dragon
  3004 | D        | Noticed an orc sorcerer
  3004 | D        | Noticed a molten gargoyle
  3016 | D        | Killed a molten gargoyle
  3017 | D        | Reached XP level 11. HP: 71/78 MP: 12/20
  3024 | D        | Noticed a sun demon
  3026 | D        | Killed an orc sorcerer
  3905 | D        | Noticed a deep elf pyromancer
  3917 | D        | Killed a deep elf pyromancer
  4091 | D        | Noticed a lindwurm
  4095 | D        | Killed a lindwurm
  4096 | D        | Reached skill level 15 in Fighting
  4096 | D        | Reached skill level 15 in Armour
  4096 | D        | Reached skill level 15 in Shields
  4307 | D        | Noticed a cyclops
  4309 | D        | Noticed a vampire knight
  4311 | D        | Killed a cyclops
  4312 | D        | Reached XP level 12. HP: 87/87 MP: 18/22
  4314 | D        | Killed a vampire knight
  4315 | D        | Reached skill level 1 in Dodging
  4414 | D        | Noticed a ghoul
  4431 | D        | Killed a ghoul
  4432 | D        | Reached skill level 15 in Invocations
  5216 | D        | Noticed an orc warlord
  5217 | D        | Noticed an orc warlord
  5219 | D        | Killed an orc warlord
  5220 | D        | Reached skill level 15 in Maces & Flails
  5220 | D        | Reached skill level 5 in Dodging
  5224 | D        | Noticed a deep elf knight
  5228 | D        | Killed a deep elf knight
  5228 | D        | Killed an orc warlord
  5228 | D        | Noticed a naga warrior
  5228 | D        | Noticed a deep elf knight
  5229 | D        | Reached XP level 13. HP: 45/93 MP: 18/25
  5233 | D        | Noticed a dire elephant
  5252 | D        | Killed a dire elephant
  5296 | D        | Noticed a vault guard
  5305 | D        | Killed a vault guard
  5739 | D        | Noticed a great orb of eyes
  5742 | D        | Killed a great orb of eyes
  5963 | D        | Noticed a deep elf high priest
  5963 | D        | Noticed a titan
  5963 | D        | Noticed a reaper
  5963 | D        | Noticed a profane servitor
  5965 | D        | Killed a deep elf high priest
  5989 | D        | Killed from afar by a titan

Illustrated notes

Levels and vault maps discovered:
D:        pitsprint [storerooms_1, entrance_room_1, metal_vault_1, armoury_2,
          mini_pit_1, grid_room_1, main_hall_1, silver_pit, the_coven_3,
          the_vestibule_1, steel_vault_4, golden_pit, hallway_of_sentries,
          crystal_vault_2, iron_vault_1, final_vault]

Skill      XL: |  1  2  3  4  5  6  7  8  9 10 11 12 13 |
---------------+----------------------------------------+-----
Fighting       | 4 5 7 9 10 12 13 15 16 | 16.5
Armour         | 4 5 7 9 10 12 13 15 16 17 | 17.9
Shields        | 4 5 7 9 10 12 13 15 16 | 16.5
Maces & Flails | 3 4 6 8 9 11 12 13 15 16 | 16.4
Invocations    | 1 3 5 6 8 9 11 12 14 16 17 | 17.4
Dodging        | 6 8 |  8.0

Action                   |  1- 3 |  4- 6 |  7- 9 | 10-12 | 13-15 || total
-------------------------+-------+-------+-------+-------+-------++-------
Melee: Flail             |    15 |     6 |    39 |    98 |    56 ||   214
       Mace              |    24 |    38 |       |       |       ||    62
Invok: Upheaval          |       |       |    14 |    34 |    18 ||    66
       Disaster Area     |       |       |     1 |     3 |     1 ||     5
  Use: Potion            |       |       |     1 |     1 |     6 ||     8
       Scroll            |       |       |       |       |     1 ||     1
Armor: Scale mail        |    20 |    34 |       |       |       ||    54
       Plate armour      |       |       |    22 |    40 |    17 ||    79
       Gold dragon scale |       |       |       |       |    28 ||    28
Dodge: Dodged            |    20 |    20 |     5 |    20 |    18 ||    83
       Repelled          |       |       |       |     2 |     1 ||     3
Block: Buckler           |    12 |    30 |    18 |    57 |    41 ||   158
